 Dungeon Crawl Stone Soup version 0.27.1-3-gb3d3a73c9e (webtiles) character file.

Game seed: 2092925415753246923

1497 Crownlay the Cleaver (level 8, 0/64 HPs)
             Began as a Hill Orc Fighter on Oct 19, 2021.
             Was a Follower of Okawaru.
             Slain by a gnoll sergeant (3 damage)
             ... on level 7 of the Dungeon.
             The game lasted 00:08:21 (6879 turns).

Crownlay the Cleaver (Hill Orc Fighter)             Turns: 6879, Time: 00:08:22

Health: 0/64       AC:  9    Str: 21    XL:     8   Next: 81%
Magic:  12/12      EV:  9    Int:  8    God:    Okawaru [*.....]
Gold:   281        SH:  0    Dex: 10    Spells: 7/7 levels left

rFire    . . .     SeeInvis .   a - +0 war axe
rCold    . . .     Faith    .   (no shield)
rNeg     . . .     Spirit   .   b - +0 scale mail
rPois    .         Reflect  .   h - +0 helmet
rElec    .         Harm     .   (no cloak)
rCorr    .         Rampage  .   u - +0 pair of gloves
Will     .....                  (no boots)
Stlth    ..........             (no amulet)
HPRegen  0.20/turn              (no ring)
MPRegen  0.13/turn              (no ring)

@: no status effects
A: no striking features
a: Renounce Religion, Heroism


You were on level 7 of the Dungeon.
You worshipped Okawaru.
Okawaru was aware of your devotion.
You visited 2 branches of the dungeon, and saw 8 of its levels.

You collected 293 gold pieces.
You spent 12 gold pieces at shops.

Inventory:

Hand Weapons
 a - a +0 war axe (weapon)
Missiles
 i - a throwing net (quivered)
Armour
 b - a +0 scale mail (worn)
 c - a +0 kite shield
 h - a +0 helmet (worn)
 u - a +0 pair of gloves (worn)
Wands
 k - a wand of digging (6)
 o - a wand of flame (21)
Scrolls
 d - a scroll of acquirement {unknown}
 e - 3 scrolls of blinking
 g - 2 scrolls of amnesia
 j - 3 scrolls of identify
 m - a scroll of noise
 q - 8 scrolls of teleportation
 r - a scroll of holy word {unknown}
 t - a scroll of summoning {unknown}
Potions
 f - 2 potions of brilliance
 l - a potion of cancellation {unknown}
 n - 2 potions of attraction
 p - 2 potions of curing {unknown}
 s - a potion of heal wounds
 v - a potion of resistance {unknown}


   Skills:
 - Level 3.6 Fighting
 * Level 12.4 Axes
 - Level 3.2 Armour
 - Level 3.2 Shields
 + Level 5.8 Invocations


You had 7 spell levels left.
You didn't know any spells.
Your spell library contained the following spells:

 Spells                   Type           Power      Damage    Failure   Level
 Corona                   Hex            0%         N/A       75%         1
 Summon Small Mammal      Summ           0%         N/A       75%         1
 Ensorcelled Hibernation  Hex/Ice        0%         N/A       87%         2
 Call Canine Familiar     Summ           0%         N/A       98%         3
 Summon Guardian Golem    Hex/Summ       0%         N/A       98%         3
 Tukima's Dance           Hex            0%         N/A       98%         3
 Leda's Liquefaction      Hex/Erth       0%         N/A       100%        4
 Bolt of Magma            Conj/Fire/Erth 0%         4d4       100%        5
 Statue Form              Tmut/Erth      0%         N/A       100%        6


Dungeon Overview and Level Annotations

Branches:
Dungeon (7/15)             Temple (1/1) D:5

Altars:
Cheibriados
Dithmenos
Elyvilon
Fedhas
Hepliaklqana
Makhleb
Okawaru
Ru
Sif Muna
Uskayaw
Xom
Yredelemnul
Zin
The Shining One

Shops:
D:3 ?


Message History

The iguana barely misses you.
You slash the iguana!
The iguana is almost dead.
The gnoll barely misses you.
The gnoll hits you from afar with a +0 spear!
* * * LOW HITPOINT WARNING * * *
The gnoll barely misses you.
The gnoll sergeant hits you from afar with a +3 spear!
* * * LOW HITPOINT WARNING * * *
The gnoll hits you from afar with a +0 spear.
* * * LOW HITPOINT WARNING * * *
The gnoll hits you from afar with a +0 trident.
* * * LOW HITPOINT WARNING * * *
The iguana barely misses you. The gnoll hits you but does no damage.
You feel much better. The gnoll hits you but does no damage.
The gnoll closely misses you. The iguana bites you.
The gnoll sergeant hits you from afar with a +3 spear.
Okay, then.
There is a stone staircase leading down here.
The iguana hisses menacingly.
The gnoll barely misses you.
The iguana hisses menacingly.
The iguana bites you.
The gnoll sergeant hits you but does no damage.
The gnoll barely misses you.
The gnoll hits you from afar with a +0 trident.
The iguana bites you!
* * * LOW HITPOINT WARNING * * *
The gnoll sergeant hits you from afar with a +3 spear.
* * * LOW HITPOINT WARNING * * *
The gnoll hits you from afar with a +0 spear.
* * * LOW HITPOINT WARNING * * *
The gnoll hits you but does no damage.
The gnoll sergeant completely misses you.
The gnoll zaps a wand.
You resist with some effort.
The gnoll hits you from afar with a +0 trident.
* * * LOW HITPOINT WARNING * * *
The gnoll sergeant hits you from afar with a +3 spear.
You die...

#..........#####
#..............#
#............###
#.........####
#......>###
#...g...##
.####...ggg..##
..............##
####...@l.....#
##..##......#
#..####...#...#
#..# #...###..#
##.## ##..# #...
.. #..# #..# .##
... ##..# #..# #
...# ##..## ..
...####...#


You could see a gnoll sergeant, an iguana and 3 gnolls.

Vanquished Creatures
  Sigmund (D:2)
  A water moccasin (D:7)
  4 ogres
  A centaur (D:6)
  A phantom (D:5)
  2 scorpions
  A howler monkey (D:5)
  A centaur zombie (D:6)
  4 hounds
  A bullfrog skeleton (D:5)
  2 centaur skeletons
  An iguana (D:5)
  2 orc wizards (D:6)
  A hound skeleton (D:5)
  A howler monkey zombie (D:6)
  7 gnolls
  10 adders
  A howler monkey skeleton (D:6)
  An ufetubus (D:5)
  An adder skeleton (D:5)
  2 dart slugs (D:2)
  6 orcs
  5 bats
  6 endoplasms
  3 giant cockroaches
  6 goblins
  5 hobgoblins
  7 jackals
  2 quokkas
  3 ball pythons
  5 frilled lizards
  A kobold (D:1)
  3 rats
98 creatures vanquished.

Vanquished Creatures (others)
  4 demonic plants (D:1)
  4 fungi (D:1)
  A plant (D:1)
  A withered plant (D:1)
10 creatures vanquished.

Grand Total: 108 creatures vanquished

Notes
Turn   | Place    | Note
-------+----------+-------------------------------------------
     0 | D:1      | Crownlay the Hill Orc Fighter began the quest for the Orb.
     0 | D:1      | Reached XP level 1. HP: 19/19 MP: 1/1
    67 | D:1      | Reached skill level 3 in Axes
   167 | D:1      | Reached XP level 2. HP: 26/26 MP: 2/2
   186 | D:1      | Found a faded altar of an unknown god.
   304 | D:1      | Reached skill level 4 in Axes
   689 | D:2      | Reached XP level 3. HP: 29/31 MP: 3/3
   700 | D:2      | Reached skill level 5 in Axes
   954 | D:2      | Reached XP level 4. HP: 39/39 MP: 4/4
  1024 | D:2      | Noticed Sigmund
  1031 | D:2      | Killed Sigmund
  1032 | D:2      | Reached skill level 7 in Axes
  1032 | D:2      | Reached XP level 5. HP: 45/45 MP: 5/5
  1056 | D:2      | Reached skill level 8 in Axes
  1056 | D:2      | Reached XP level 6. HP: 51/51 MP: 6/6
  2250 | D:3      | Found Pecemest's Magic Scroll Shoppe.
  2259 | D:3      | Bought a scroll of noise for 12 gold pieces
  2911 | D:4      | Reached skill level 9 in Axes
  3592 | D:4      | Reached XP level 7. HP: 50/57 MP: 7/7
  4045 | D:5      | Entered Level 5 of the Dungeon
  4179 | D:5      | Found a staircase to the Ecumenical Temple.
  4202 | Temple   | Entered the Ecumenical Temple
  4222 | Temple   | Became a worshipper of Warmaster Okawaru
  4264 | D:5      | Reached skill level 10 in Axes
  4720 | D:5      | Reached skill level 1 in Invocations
  5387 | D:6      | Found a basalt altar of Yredelemnul.
  5388 | D:6      | Found a hazy altar of Hepliaklqana.
  5388 | D:6      | Found a glowing silver altar of Zin.
  5481 | D:6      | Reached XP level 8. HP: 40/64 MP: 8/10
  5486 | D:6      | Reached skill level 11 in Axes
  6048 | D:6      | Found a hide-covered altar of Uskayaw.
  6117 | D:6      | Found a sacrificial altar of Ru.
  6119 | D:6      | Found a snail-covered altar of Cheibriados.
  6119 | D:6      | Found a snail-covered altar of Cheibriados.
  6121 | D:6      | Found a basalt altar of Yredelemnul.
  6121 | D:6      | Found a shimmering altar of Xom.
  6121 | D:6      | Found a burning altar of Makhleb.
  6156 | D:6      | Reached * piety under Okawaru
  6163 | D:6      | Reached skill level 5 in Invocations
  6410 | D:6      | Reached skill level 12 in Axes
  6435 | D:6      | Found a shimmering blue altar of Sif Muna.
  6866 | D:7      | HP: 3/64 [gnoll (3)]
  6879 | D:7      | HP: 3/64 [gnoll (3)]
  6879 | D:7      | Slain by a gnoll sergeant

Illustrated notes

Levels and vault maps discovered:
D:1:      dpeg_arrival_round_c, layout_rooms, shapermc_ecumenical_altar_gd
D:2:      layout_basic, uniq_sigmund
D:3:      layout_loops_corners, serial_shops, nicolae_lakefront_shop
D:4:      layout_basic
D:5:      layout_loops_corners, minmay_temple_entry_sparse_star
D:6:      layout_rooms, doesnt_xom_only_xom, lemuel_tele_altar,
          nicolae_uskayaw_murder_on_the_dancefloor,
          gammafunk_temple_overflow_forgotten
D:7:      layout_layer_cave, amcnicky_mini_corridor_feature
Temple:   eino_temple_scatter_basement

Skill      XL: |  1  2  3  4  5  6  7  8 |
---------------+-------------------------+-----
Axes           | 3 4 5 7 8 9 10 12 | 12.4
Invocations    | 3 5 |  5.8
Fighting       | |  3.6
Armour         | |  3.2
Shields        | |  3.2

Action                   |  1- 3 |  4- 6 |  7- 9 || total
-------------------------+-------+-------+-------++-------
Melee: War axe           |    57 |    94 |   193 ||   344
Throw: Throwing net      |       |     1 |     1 ||     2
  Use: Potion            |       |     1 |     1 ||     2
       Scroll            |       |     2 |     4 ||     6
Armor: Scale mail        |    47 |    38 |    89 ||   174
Dodge: Dodged            |    43 |    57 |   100 ||   200
